SR
ORLANDO MAGIC @ GERMANTOWN URUGUAYANS
07/13/2032
 
TOP OF THE 1ST
Orlando Magic batting - Pitching for Germantown Uruguayans : RHP Owen Schultz
Pitching: RHP Owen Schultz
Batting: LHB Jimmy Wilcox 0-0: Called Strike
0-1: Foul Ball, location: 2F
0-2: Ball
1-2: Strikes out looking
Batting: SHB Soren Loen 0-0: Ball
1-0: Called Strike
1-1: Ball
2-1: Called Strike
2-2: Ball
3-2: Strikes out swinging
Batting: LHB Ewan Manshert 0-0: Called Strike
0-1: Ball
1-1: Foul Ball, location: 2F
1-2: Strikes out swinging
Top of the 1st over - 0 runs, 0 hits, 0 errors, 0 left on base; Orlando 0 - Germantown 0
BOTTOM OF THE 1ST
Germantown Uruguayans batting - Pitching for Orlando Magic : LHP Callum Dallin
Pitching: LHP Callum Dallin
Batting: RHB Conor Culver 0-0: Ball
1-0: Ball
2-0: Ball
3-0: Called Strike
3-1: Base on Balls
Batting: LHB Juan Gutiérrez 0-0: Called Strike
0-1: Ball
1-1: Ball
2-1: Swinging Strike
2-2: Ball
3-2: Foul Ball, location: 2F
3-2: Strikes out swinging
Batting: RHB Kian Curling 0-0: Ball
1-0: Swinging Strike
1-1: Fly out, F8 (Flyball, 8RXD)
Batting: RHB John Shultz 0-0: Called Strike
Conor Culver steals 2nd base
0-1: Ball
1-1: Called Strike
1-2: Ground out 6-3 (Groundball, 6M)
Bottom of the 1st over - 0 runs, 0 hits, 0 errors, 1 left on base; Orlando 0 - Germantown 0
TOP OF THE 2ND
Orlando Magic batting - Pitching for Germantown Uruguayans : RHP Owen Schultz
Batting: SHB Max Bortenschlager 0-0: Fly out, F4 (Line Drive, 4)
Batting: RHB Héctor Dávila 0-0: SINGLE (Line Drive, 7S)
Batting: RHB Draza Boskovic 0-0: Grounds into double play, 4-6-3 (Groundball, 4)
Top of the 2nd over - 0 runs, 1 hit, 0 errors, 0 left on base; Orlando 0 - Germantown 0
BOTTOM OF THE 2ND
Germantown Uruguayans batting - Pitching for Orlando Magic : LHP Callum Dallin
Batting: LHB Felipe Dávila 0-0: Ground out 6-3 (Groundball, 6)
Batting: RHB Alain Grosjean 0-0: Ball
1-0: Ball
2-0: Fly out, F8 (Flyball, 78M)
Batting: RHB José Ortega 0-0: Ball
1-0: Ball
2-0: Ball
3-0: Called Strike
3-1: Swinging Strike
3-2: Foul Ball, location: 2F
3-2: Foul Ball, location: 2F
3-2: Fly out, F8 (Flyball, 8RM)
Bottom of the 2nd over - 0 runs, 0 hits, 0 errors, 0 left on base; Orlando 0 - Germantown 0
TOP OF THE 3RD
Orlando Magic batting - Pitching for Germantown Uruguayans : RHP Owen Schultz
Batting: RHB Adrián Xirau 0-0: Ball
1-0: Ball
2-0: Swinging Strike
2-1: Foul Ball, location: 2F
2-2: Foul Ball, location: 2F
2-2: Foul Ball, location: 2F
2-2: Ball
3-2: Strikes out swinging
Batting: RHB Jesús Ríos 0-0: Ball
1-0: Foul Ball, location: 2F
1-1: Fly out, F9 (Flyball, 9S)
Batting: RHB Ángel Castro 0-0: Swinging Strike
0-1: Foul Ball, location: 2F
0-2: Strikes out swinging
Top of the 3rd over - 0 runs, 0 hits, 0 errors, 0 left on base; Orlando 0 - Germantown 0
BOTTOM OF THE 3RD
Germantown Uruguayans batting - Pitching for Orlando Magic : LHP Callum Dallin
Batting: RHB Keizo Yamamoto 0-0: Ball
1-0: Called Strike
1-1: Swinging Strike
1-2: Strikes out swinging
Batting: RHB Ramón Quezada 0-0: Ball
1-0: Foul Ball, location: 2F
1-1: Ball
2-1: Ground out 5-3 (Groundball, 5)
Batting: RHB Conor Culver 0-0: DOUBLE (Groundball, 5L)
Batting: LHB Juan Gutiérrez 0-0: Foul Ball, location: 2F
0-1: Ball
1-1: Ball
2-1: Called Strike
2-2: Ground out 4-3 (Groundball, 4)
Bottom of the 3rd over - 0 runs, 1 hit, 0 errors, 1 left on base; Orlando 0 - Germantown 0
TOP OF THE 4TH
Orlando Magic batting - Pitching for Germantown Uruguayans : RHP Owen Schultz
Batting: LHB Jimmy Wilcox 0-0: Called Strike
0-1: Ball
1-1: Foul Ball, location: 2F
1-2: Ball
2-2: Strikes out swinging
Batting: SHB Soren Loen 0-0: Called Strike
0-1: Foul Ball, location: 2F
0-2: Ground out 6-3 (Groundball, 56)
Batting: LHB Ewan Manshert 0-0: Foul Ball, location: 2F
0-1: Ball
1-1: Called Strike
1-2: Strikes out looking
Top of the 4th over - 0 runs, 0 hits, 0 errors, 0 left on base; Orlando 0 - Germantown 0
BOTTOM OF THE 4TH
Germantown Uruguayans batting - Pitching for Orlando Magic : LHP Callum Dallin
Batting: RHB Kian Curling 0-0: Swinging Strike
0-1: Called Strike
0-2: Foul Ball, location: 2F
0-2: Ball
1-2: Ball
2-2: Foul Ball, location: 2F
2-2: Ball
3-2: Base on Balls
Batting: RHB John Shultz 0-0: SINGLE (Flyball, 7S)
Kian Curling to second
Batting: LHB Felipe Dávila 0-0: Ball
1-0: Ball
Wild Pitch!
Kian Curling to third
John Shultz to second
2-0: Foul Ball, location: 2F
2-1: Fly out, F7 (Flyball, 7)
Runner from 3rd tags up, SCORES, throw made
Batting: RHB Alain Grosjean 0-0: Ball
1-0: Called Strike
1-1: Foul Ball, location: 2F
1-2: Ball
2-2: Ball
3-2: Foul Ball, location: 2F
3-2: Ground out 1-3 (Groundball, P)
John Shultz to third
Batting: RHB José Ortega 0-0: Foul Ball, location: 2F
0-1: Ball
1-1: Foul Ball, location: 2F
1-2: Ball
2-2: Foul Ball, location: 2F
2-2: Foul Ball, location: 2F
2-2: Ball
3-2: Base on Balls
Batting: RHB Keizo Yamamoto 0-0: Ball
1-0: Called Strike
1-1: Ball
2-1: Foul Ball, location: 2F
2-2: Strikes out swinging
Bottom of the 4th over - 1 run, 1 hit, 0 errors, 2 left on base; Orlando 0 - Germantown 1
TOP OF THE 5TH
Orlando Magic batting - Pitching for Germantown Uruguayans : RHP Owen Schultz
Batting: SHB Max Bortenschlager 0-0: Ball
1-0: Called Strike
1-1: Swinging Strike
1-2: Ball
2-2: Strikes out swinging
Batting: RHB Héctor Dávila 0-0: Swinging Strike
0-1: Ball
1-1: Foul Ball, location: 2F
1-2: Ball
2-2: Strikes out swinging
Batting: RHB Draza Boskovic 0-0: Ball
1-0: SINGLE (Line Drive, 6MD)
Batting: RHB Adrián Xirau 0-0: Ground out 4-3 (Groundball, 4S)
Top of the 5th over - 0 runs, 1 hit, 0 errors, 1 left on base; Orlando 0 - Germantown 1
BOTTOM OF THE 5TH
Germantown Uruguayans batting - Pitching for Orlando Magic : LHP Callum Dallin
Batting: RHB Ramón Quezada 0-0: Called Strike
0-1: Ball
1-1: Ground out 4-3 (Groundball, 4S)
Batting: RHB Conor Culver 0-0: Fly out, F9 (Flyball, 9LS)
Batting: LHB Juan Gutiérrez 0-0: Foul Ball, location: 2F
0-1: Fly out, F8 (Flyball, 8LS)
Bottom of the 5th over - 0 runs, 0 hits, 0 errors, 0 left on base; Orlando 0 - Germantown 1
TOP OF THE 6TH
Orlando Magic batting - Pitching for Germantown Uruguayans : RHP Owen Schultz
Batting: RHB Jesús Ríos 0-0: Ball
1-0: Ball
2-0: Ball
3-0: Fly out, F9 (Flyball, 9S)
Batting: RHB Ángel Castro 0-0: Swinging Strike
0-1: Foul Ball, location: 2F
0-2: Ball
1-2: Ball
2-2: Ball
3-2: Strikes out looking
Batting: LHB Jimmy Wilcox 0-0: Called Strike
0-1: Ball
1-1: Swinging Strike
1-2: Strikes out swinging
Top of the 6th over - 0 runs, 0 hits, 0 errors, 0 left on base; Orlando 0 - Germantown 1
BOTTOM OF THE 6TH
Germantown Uruguayans batting - Pitching for Orlando Magic : LHP Callum Dallin
Batting: RHB Kian Curling 0-0: Ball
1-0: Ball
2-0: Called Strike
2-1: Ball
3-1: Base on Balls
Batting: RHB John Shultz 0-0: Ball
1-0: Foul Ball, location: 2F
1-1: Ball
2-1: Ball
3-1: Called Strike
3-2: Foul Ball, location: 2F
3-2: Foul Ball, location: 2F
3-2: Foul Ball, location: 2F
3-2: Foul Ball, location: 2F
3-2: SINGLE (Line Drive, 56)
Kian Curling to second
Kian Curling to third
Batting: LHB Felipe Dávila 0-0: Fly out, F8 (Flyball, 8RD)
Runner from 3rd tags up, SCORES, no throw
Batting: RHB Alain Grosjean 0-0: Ball
1-0: Ball
2-0: Foul Ball, location: 2F
2-1: Swinging Strike
2-2: Strikes out swinging
Batting: RHB José Ortega 0-0: Ball
1-0: Called Strike
1-1: Ball
John Shultz is caught stealing 2nd base
Bottom of the 6th over - 1 run, 1 hit, 0 errors, 0 left on base; Orlando 0 - Germantown 2
TOP OF THE 7TH
Orlando Magic batting - Pitching for Germantown Uruguayans : RHP Owen Schultz
Batting: SHB Soren Loen 0-0: Called Strike
0-1: Ball
1-1: Ball
2-1: Ground out U3 (Groundball, 34S)
Batting: LHB Ewan Manshert 0-0: Ball
1-0: Ball
2-0: Swinging Strike
2-1: Ball
3-1: Called Strike
3-2: Foul Ball, location: 2F
3-2: Base on Balls
Batting: SHB Max Bortenschlager 0-0: Foul Ball, location: 2F
0-1: Foul Ball, location: 2F
0-2: Ball
1-2: Strikes out swinging
Batting: RHB Héctor Dávila 0-0: Called Strike
0-1: Ball
1-1: Foul Ball, location: 2F
1-2: Ball
2-2: Ground out 4-3 (Groundball, 4MS)
Top of the 7th over - 0 runs, 0 hits, 0 errors, 1 left on base; Orlando 0 - Germantown 2
BOTTOM OF THE 7TH
Germantown Uruguayans batting - Pitching for Orlando Magic : LHP Callum Dallin
Batting: RHB José Ortega 0-0: Called Strike
0-1: Called Strike
0-2: Foul Ball, location: 2F
0-2: Ball
1-2: Ground out 6-3 (Groundball, 56)
Batting: RHB Keizo Yamamoto 0-0: Ball
1-0: Called Strike
1-1: Called Strike
1-2: Ball
2-2: Foul Ball, location: 2F
2-2: Foul Ball, location: 2F
2-2: Foul Ball, location: 2F
2-2: Ball
3-2: SINGLE (Groundball, 4) (infield hit)
Pitching: RHP Hsui-chen Man
Batting: RHB Ramón Quezada 0-0: Called Strike
0-1: Foul Ball, location: 2F
0-2: Ball
1-2: Ball
2-2: Fly out, F7 (Flyball, 7)
Batting: RHB Conor Culver 0-0: Called Strike
0-1: Called Strike
0-2: Foul Ball, location: 2F
0-2: Fly out, F9 (Flyball, 9)
Bottom of the 7th over - 0 runs, 1 hit, 0 errors, 1 left on base; Orlando 0 - Germantown 2
TOP OF THE 8TH
Orlando Magic batting - Pitching for Germantown Uruguayans : RHP Owen Schultz
Batting: RHB Draza Boskovic 0-0: Called Strike
0-1: Swinging Strike
0-2: Strikes out swinging
Batting: RHB Adrián Xirau 0-0: Foul Ball, location: 2F
0-1: Ball
1-1: Called Strike
1-2: Strikes out looking
Batting: RHB Jesús Ríos 0-0: Ground out 4-3 (Groundball, 4S)
Top of the 8th over - 0 runs, 0 hits, 0 errors, 0 left on base; Orlando 0 - Germantown 2
BOTTOM OF THE 8TH
Germantown Uruguayans batting - Pitching for Orlando Magic : RHP Hsui-chen Man
Batting: LHB Juan Gutiérrez 0-0: Called Strike
0-1: Fly out, F6 (Line Drive, 6)
Batting: RHB Kian Curling 0-0: Called Strike
0-1: Swinging Strike
0-2: Foul Ball, location: 2F
0-2: Ball
1-2: Ball
2-2: SINGLE (Groundball, 5D)
Batting: RHB John Shultz 0-0: Called Strike
0-1: Called Strike
0-2: Fly out, F3 (Popup, 3SF)
Batting: LHB Felipe Dávila 0-0: Ball
1-0: Ball
2-0: Ball
3-0: Base on Balls
Kian Curling to second
Pinch Hitting: LHB Lorenzo Trujillo 0-0: Swinging Strike
0-1: Ball
1-1: Ball
Wild Pitch!
Kian Curling to third
Felipe Dávila to second
2-1: Foul Ball, location: 2F
2-2: Ball
3-2: Ground out 4-3 (Groundball, 4)
Bottom of the 8th over - 0 runs, 1 hit, 0 errors, 2 left on base; Orlando 0 - Germantown 2
TOP OF THE 9TH
Orlando Magic batting - Pitching for Germantown Uruguayans : RHP Owen Schultz
Now at SS: Joy-shan Kao
Now in CF: Oleg Elin
Batting: RHB Ángel Castro 0-0: Swinging Strike
0-1: Ball
1-1: Called Strike
1-2: Strikes out looking
Batting: LHB Jimmy Wilcox 0-0: Called Strike
0-1: Swinging Strike
0-2: DOUBLE (Line Drive, 7LS)
Pitching: LHP Bradley Leeder
Batting: SHB Soren Loen 0-0: Called Strike
0-1: Ball
1-1: Swinging Strike
1-2: Ball
2-2: Foul Ball, location: 2F
2-2: SINGLE (Line Drive, 8RS)
Jimmy Wilcox to third
Batting: LHB Ewan Manshert 0-0: Foul Ball, location: 2F
0-1: Swinging Strike
0-2: Ball
1-2: Ball
2-2: Fly out, F8 (Flyball, 8RXD)
Runner from 3rd tags up, SCORES, no throw
Batting: SHB Max Bortenschlager 0-0: Ball
1-0: Swinging Strike
1-1: Ball
2-1: Foul Ball, location: 2F
2-2: Ball
3-2: Base on Balls
Soren Loen to second
Batting: RHB Héctor Dávila 0-0: Ground out 1-3 (Groundball, 13S)
Top of the 9th over - 1 run, 2 hits, 0 errors, 2 left on base; Orlando 1 - Germantown 2
Wednesday, September 19th, 2018 - OOTP Baseball 18.8 Build 76